 Dungeon Crawl Stone Soup version 0.21.1-1-g345015f (webtiles) character file.

58 diana the Insei (level 4, -2/32 HPs)
             Began as a Merfolk Transmuter on June 1, 2018.
             Shot with an arrow by a centaur (11 damage)
             ... on level 2 of the Dungeon.
             The game lasted 00:02:35 (1666 turns).

diana the Insei (Merfolk Transmuter)                Turns: 1666, Time: 00:02:36

Health: -2/32      AC:  2    Str: 11    XL:     4   Next: 2%
Magic:  6/7        EV: 13    Int: 12    God:
Gold:   27         SH:  0    Dex: 14    Spells: 6/7 levels left

rFire    . . .     SeeInvis .     - Unarmed
rCold    . . .     Gourm    .   (no shield)
rNeg     . . .     Faith    .   b - +0 robe
rPois    .         Spirit   .   (no helmet)
rElec    .         Reflect  .   (no cloak)
rCorr    .         Harm     .   (no gloves)
MR       .....                  (no boots)
Stlth    +.........             (no amulet)
HPRegen  0.10/turn              (no ring)
MPRegen  0.10/turn              (no ring)

@: appendage (expiring)
A: change form in water, swift swim, stealthy swim, horns 2
a: End Transformation


You were on level 2 of the Dungeon.
You were hungry.
You had grown temporary horns.
You visited 1 branch of the dungeon, and saw 2 of its levels.

You collected 27 gold pieces.

Inventory:

Missiles
 a - 12 arrows
Armour
 b - a +0 robe (worn)
Scrolls
 e - 2 scrolls of enchant weapon {unknown}
 f - 4 scrolls of identify {unknown}
 g - a scroll of magic mapping {unknown}
 h - 2 scrolls of remove curse {unknown}
 i - a scroll of noise {unknown}
Potions
 j - a potion of invisibility {unknown}
Books
 c - a book of Changes

   Spells                             Type                      Level
   a - Beastly Appendage              Transmutation                1
   b - Sticks to Snakes               Transmutation                2
   c - Spider Form                    Transmutation/Poison         3
   d - Ice Form                       Ice/Transmutation            4
   e - Blade Hands                    Transmutation                5
Comestibles
 d - 3 rations


   Skills:
 - Level 1.1 Fighting
 - Level 2.6 Dodging
 + Level 4.8 Unarmed Combat
 - Level 2.0 Spellcasting
 * Level 3.6 Transmutations


You had 6 spell levels left.
You knew the following spells:

 Your Spells              Type           Power        Failure   Level  Hunger
a - Beastly Appendage     Tmut           #.....       6%          1    ##.....


Dungeon Overview and Level Annotations

Branches:
Dungeon (2/15)

Altars:


Innate Abilities, Weirdness & Mutations

You revert to your normal form in water.
You are very nimble and swift while swimming.
You are very stealthy in the water. (Stealth+)
You have a pair of horns on your head.


Message History

Your transformation is almost over.
The centaur shouts!
The rat closely misses you.
You barely miss the rat. The rat barely misses you.
An adder comes into view.
You punch the rat!
You kill the rat!
The centaur wields a shortbow.
The centaur shoots an arrow.
The arrow hits you!
The adder moves out of view.
The centaur shoots an arrow.
The arrow hits you!
The centaur shoots an arrow.
The arrow hits you.
* * * LOW HITPOINT WARNING * * *
Found a scroll labeled COENLA ZETS.
Things that are here:
2 arrows; a rat corpse You are too injured to fight recklessly!
You are too injured to fight recklessly!
You are too injured to fight recklessly!
The centaur shoots an arrow.
The arrow hits you!
You die...

#....?# ###
#.....# ..#
#.....' #.#
#.....# #.#
#.c...# #.#
#.S...# #.#
#.....# ##.# #(#
...#####.# #@#
.........# #.#
....######. #.#
........... #.#
###.####### #.#
#.# #.# #.# #.#
#.############.#
#........).....#


You could see a centaur.

Vanquished Creatures
  2 oozes (D:1)
  4 dart slugs (D:1)
  2 bats
  2 giant cockroaches (D:1)
  6 goblins
  4 hobgoblins (D:1)
  5 jackals
  A quokka (D:2)
  4 frilled lizards
  5 kobolds
  5 rats
40 creatures vanquished.

Notes
Turn   | Place    | Note
-------+----------+-------------------------------------------
     0 | D:1      | diana the Merfolk Transmuter began the quest for the Orb.
     0 | D:1      | Reached XP level 1. HP: 15/15 MP: 3/3
    22 | D:1      | Reached XP level 2. HP: 18/21 MP: 3/5
    36 | D:2      | Reached skill level 4 in Unarmed Combat
   673 | D:1      | Reached XP level 3. HP: 24/26 MP: 4/6
  1574 | D:2      | Reached XP level 4. HP: 29/32 MP: 7/7
  1662 | D:2      | Noticed a centaur
  1666 | D:2      | Shot with an arrow by a centaur

Skill      XL: |  1  2 |
---------------+-------+-----
Unarmed Combat | 4 |  4.8
Transmutations | 3 |  3.6
Fighting       | |  1.1
Dodging        | |  2.6
Spellcasting   | |  2.0

Action                   |  1- 3 |  4- 6 || total
-------------------------+-------+-------++-------
Melee: Unarmed           |   100 |     3 ||   103
       Headbutt          |    14 |       ||    14
       Punch             |     2 |       ||     2
 Cast: Beastly Appendage |    20 |     2 ||    22
  Eat: Chunk             |     2 |       ||     2
Armor: Robe              |    22 |       ||    22
Dodge: Dodged            |    80 |     2 ||    82
